[Event "Early-Titled-Tuesday-Blitz-January-23-2024"]
[Site "Chess.com"]
[Date "2024.01.23"]
[Round "7"]
[White "Martial2008"]
[Black "Savagelittlemole"]
[Result "1-0"]
[WhiteElo "2657"]
[BlackElo "2449"]
[TimeControl "180+1"]
[EndTime "9:16:21 PST"]
[Termination "Martial2008 won by resignation"]

1. d4 Nf6 2. Nf3 c5 3. d5 e6 4. Nc3 exd5 5. Nxd5 Nc6 6. Bg5 Be7 7. Bxf6 Bxf6 8. c3 O-O 9. e3 d6 10. Bc4 Ne5 11.
Nxe5 Bxe5 12. f4 Bf6 13. O-O g6 14. Qf3 Bg7 15. Rad1 Kh8 16. g4 Qh4 17. h3 h5 18.
Be2 Bd7 19. Kg2 Rae8 20. gxh5 Bf5 21. Bd3 Bxd3 22. Rxd3 gxh5 23. Qg3 Bf6 24. Qxh4 Bxh4 25. Kf3 f5 26. Rg1 Rg8 27. Rdd1 Rxg1 28. Rxg1 Rg8 29.
Rxg8+ Kxg8 30. e4 fxe4+ 31. Kxe4 Kf7 32. Kf5 Be1 33. c4 a6 34. a4 Bh4 35. b3 Bd8 36.
Nc3 Bf6 37. Ne4 Be7 38. Ng3 h4 39. Ne4 Bf8 40. Ng5+ Ke7 41. Kg6 Kd7 42. Ne4 Be7 43.
f5 Kc6 44. Nc3 b5 45. axb5+ axb5 46. cxb5+ Kb6 47. Nd5+ Kxb5 48. Nxe7 1-0

[Event "Early-Titled-Tuesday-Blitz-January-23-2024"]
[Site "Chess.com"]
[Date "2024.01.23"]
[Round "7"]
[White "Harry_Rakkel"]
[Black "Orphanator2009"]
[Result "1-0"]
[WhiteElo "2657"]
[BlackElo "2470"]
[TimeControl "180+1"]
[EndTime "9:16:22 PST"]
[Termination "Harry_Rakkel won by resignation"]

1. e4 c5 2. Nf3 d6 3. d4 cxd4 4.
Nxd4 Nf6 5. Nc3 Nc6 6. Bg5 e6 7.
Qd2 a6 8. O-O-O Bd7 9. f3 Nxd4 10. Qxd4 Be7 11. h4 Qc7 12. Kb1 b5 13. Qd2 b4 14.
Ne2 a5 15. Nd4 h6 16. Be3 Rb8 17. g4 g6 18. Bxh6 e5 19. Ne2 Be6 20. Bg7 Rh7 21. Bxf6 Bxf6 22. h5 gxh5 23. Rxh5 Rxh5 24. gxh5 Ke7 25.
Ng3 Rg8 26. Nf5+ Bxf5 27. exf5 Bg5 28. Qd5 Rh8 29. Bc4 Kf8 30. Rh1 Rh6 31. b3 Be3 32. a4 bxa3 33. Ka2 Bc5 34. Rh4 Qe7 35. Rg4 Rxh5 36.
Qa8+ Qe8 37. Rg8+ 1-0

[Event "Early-Titled-Tuesday-Blitz-January-23-2024"]
[Site "Chess.com"]
[Date "2024.01.23"]
[Round "7"]
[White "SanchezKelvin"]
[Black "zurzan"]
[Result "0-1"]
[WhiteElo "2544"]
[BlackElo "2045"]
[TimeControl "180+1"]
[EndTime "9:16:22 PST"]
[Termination "zurzan won on time"]

1. e4 c5 2. Nf3 g6 3. d4 cxd4 4. Qxd4 Nf6 5. e5 Nc6 6. Qa4 Nd5 7. Qe4 Nc7 8. Nc3 Bg7 9. Bf4 O-O 10. O-O-O Ne6 11.
Be3 Qa5 12. h4 h5 13. a3 Nxe5 14. Rd5 Qc7 15. Nxe5 d6 16. Nf3 Bxc3 17. bxc3 Qxc3 18. Bd4 Qxa3+ 19. Bb2 Qa2 20. Bc4 Qa4 21. Bd3 Qxe4 22.
Bxe4 Bd7 23. Rd3 Bb5 24. Re3 Rab8 25. Bxg6 Nf4 26. Be4 Nxg2 27. Rg1 f5 28. Rxg2+ Kh7 29. Ng5+ Kh6 30. Bd5 Be8 0-1

[Event "Early-Titled-Tuesday-Blitz-January-23-2024"]
[Site "Chess.com"]
[Date "2024.01.23"]
[Round "7"]
[White "Kostukov_Alex"]
[Black "wanyaland"]
[Result "0-1"]
[WhiteElo "2291"]
[BlackElo "2466"]
[TimeControl "180+1"]
[EndTime "9:16:23 PST"]
[Termination "wanyaland won by resignation"]

1. g3 d5 2. Bg2 Nf6 3. d3 e5 4. e4 c6 5. Qe2 Bd6 6. Nf3 O-O 7.
O-O Re8 8. h3 h6 9. a4 a5 10.
Nc3 Na6 11. exd5 cxd5 12. Nb5 Bb8 13. c3 Nc5 14. Be3 d4 15. cxd4 exd4 16. Nbxd4 Nd5 17. Qc2 Nxe3 18. fxe3 Na6 19. g4 Nb4 20. Qd2 b6 21.
Rad1 Ba6 22. Nb5 Bxb5 23. axb5 Ra7 24. Nd4 Rae7 25. Nc6 Nxc6 26. Bxc6 Rxe3 27. Bxe8 Rg3+ 28. Kf2 Qxe8 29. Rde1 Qxb5 30. Re3 Bf4 31. Re8+ Qxe8 32. Qxf4 Rxd3 33. Re1 Qd7 34. Kg2 Qd5+ 35. Kg1 Rd2 36. Re8+ Kh7 37. Qf5+ Qxf5 38. gxf5 Rxb2 39. Re7 f6 40.
Rb7 a4 0-1

[Event "Early-Titled-Tuesday-Blitz-January-23-2024"]
[Site "Chess.com"]
[Date "2024.01.23"]
[Round "7"]
[White "baki83"]
[Black "lefonghua"]
[Result "1-0"]
[WhiteElo "2836"]
[BlackElo "2618"]
[TimeControl "180+1"]
[EndTime "9:16:25 PST"]
[Termination "baki83 won by resignation"]

1. e4 c5 2. Nf3 g6 3. d4 cxd4 4. Qxd4 Nf6 5. Nc3 Nc6 6. Qa4 d6 7. e5 dxe5 8. Nxe5 Bg7 9. Nxc6 bxc6 10. Be2 O-O 11. O-O Nd5 12. Ne4 Qc7 13. c3 Bf5 14. Bf3 Nb6 15. Qa5 Rad8 16. Re1 Be6 17. Qg5 Bd5 18. Qh4 Rfe8 19. Bf4 Qc8 20. Bh6 Bxh6 21. Qxh6 Bxe4 22. Rxe4 Nd5 23. Rh4 Nf6 24. g4 g5 25.
Qxg5+ Kh8 26. Qe5 Rg8 27. h3 Qd7 28. Re1 Qd3 29. Be4 1-0

[Event "Early-Titled-Tuesday-Blitz-January-23-2024"]
[Site "Chess.com"]
[Date "2024.01.23"]
[Round "7"]
[White "MVM2008"]
[Black "N4700000"]
[Result "1-0"]
[WhiteElo "2561"]
[BlackElo "2418"]
[TimeControl "180+1"]
[EndTime "9:16:26 PST"]
[Termination "MVM2008 won by checkmate"]

1. e4 e6 2. d4 d5 3. Nd2 c5 4. c3 cxd4 5. cxd4 dxe4 6. Nxe4 Bb4+ 7. Nc3 Nf6 8. Nf3 O-O 9. Bd3 Nc6 10. a3 Be7 11. Bg5 b6 12. h4 Bb7 13. Bxf6 Bxf6 14. Bxh7+ Kxh7 15. Ng5+ Kh6 16. Qd3 g6 17. h5 Bxg5 18.
hxg6+ Kg7 19. Rh7+ Kf6 20. Qf3+ Ke7 21. Rxf7+ Rxf7 22. Qxf7+ Kd6 23. Nb5+ Kd5 24. Qxb7 Rc8 25. Nc3+ Kc4 26.
Qa6+ Kxd4 27. Qb5 Bd2+ 28. Kxd2 Ne5 29. Rd1 Qg5+ 30. Ke1+ Nd3+ 31. Rxd3# 1-0

[Event "Early-Titled-Tuesday-Blitz-January-23-2024"]
[Site "Chess.com"]
[Date "2024.01.23"]
[Round "7"]
[White "mishanick"]
[Black "NovozhilovSemen"]
[Result "1-0"]
[WhiteElo "3053"]
[BlackElo "2657"]
[TimeControl "180+1"]
[EndTime "9:16:28 PST"]
[Termination "mishanick won on time"]

1. d4 Nf6 2. c4 e6 3. Nc3 Bb4 4.
e3 O-O 5. Bd3 d5 6. Nf3 dxc4 7.
Bxc4 b6 8. O-O Bb7 9. Qe2 a6 10. Rd1 Qe7 11. Bd3 c5 12. dxc5 Bxc3 13. bxc3 Qxc5 14.
e4 Nbd7 15. c4 Ne5 16. Nxe5 Qxe5 17. Bb2 Qf4 18. f3 e5 19. Qf2 Nd7 20. Bf1 Rfd8 21.
Rd6 Qg5 22. Rad1 Nc5 23. Bxe5 Rxd6 24. Bxd6 h5 25. h4 Qf6 26. Qg3 Ne6 27. Be5 Qe7 28. Rd6 Rc8 29. Kh2 Rc5 30. Rxb6 Ra5 31. Bd6 Qd7 32.
c5 Rxa2 33. Bc4 Rc2 34. Bb3 Rd2 35. Be5 Kh7 36. Bxe6 fxe6 37. c6 Bxc6 38. Rxc6 1-0

[Event "Early-Titled-Tuesday-Blitz-January-23-2024"]
[Site "Chess.com"]
[Date "2024.01.23"]
[Round "7"]
[White "KNVB"]
[Black "TheNextLevelFan"]
[Result "1-0"]
[WhiteElo "2757"]
[BlackElo "2566"]
[TimeControl "180+1"]
[EndTime "9:16:29 PST"]
[Termination "KNVB won on time"]

1. d4 d5 2. Bf4 Nf6 3. e3 e6 4.
Nf3 Bd6 5. Nbd2 O-O 6. Bd3 c5 7. c3 Nc6 8. Bg3 b6 9. e4 Be7 10. e5 Nh5 11. Ng5 Bxg5 12. Qxh5 g6 13. Qe2 cxd4 14.
h4 Bh6 15. h5 g5 16. Nf3 dxc3 17. bxc3 f5 18. exf6 Qxf6 19. O-O Bg7 20. Bb5 Bd7 21. Rfe1 Rae8 22. Bxc6 Bxc6 23. Be5 Qe7 24. Nd4 Bd7 25.
Qg4 h6 26. g3 Bxe5 27. Rxe5 Qf6 28. Qe2 Rf7 29. Re1 Ref8 30. f3 Kg7 31. Qd3 Rc8 32. Rxe6 Bxe6 33. Rxe6 1-0

[Event "Early-Titled-Tuesday-Blitz-January-23-2024"]
[Site "Chess.com"]
[Date "2024.01.23"]
[Round "7"]
[White "starworld123"]
[Black "Zavgorodniy_Sergiy"]
[Result "1-0"]
[WhiteElo "2848"]
[BlackElo "2632"]
[TimeControl "180+1"]
[EndTime "9:16:31 PST"]
[Termination "starworld123 won by resignation"]

1. Nf3 Nf6 2. b3 d6 3. d4 Bg4 4.
Bb2 Bxf3 5. exf3 d5 6. Bd3 e6 7. O-O Nbd7 8. f4 g6 9. Nd2 Bg7 10. Nf3 O-O 11. g3 c5 12. dxc5 Nxc5 13. c4 Nxd3 14.
Qxd3 dxc4 15. Qxc4 Qd5 16. Qe2 Qh5 17. Kg2 Rfd8 18.
Rfd1 h6 19. h3 Nd5 20. Bxg7 Kxg7 21. Rac1 Qf5 22. Rd4 Rac8 23. Rcd1 Rc2 24. R1d2 Rdc8 25. Rxd5 exd5 26. Nd4 Qe4+ 27. Qxe4 Rxd2 28. Qe5+ Kg8 29.
Ne6 1-0

[Event "Early-Titled-Tuesday-Blitz-January-23-2024"]
[Site "Chess.com"]
[Date "2024.01.23"]
[Round "7"]
[White "Alex_Sahakyan2006"]
[Black "colegiodemadrid"]
[Result "0-1"]
[WhiteElo "2706"]
[BlackElo "2505"]
[TimeControl "180+1"]
[EndTime "9:16:34 PST"]
[Termination "colegiodemadrid won by resignation"]

1. d4 d5 2. c4 e6 3. Nf3 Nf6 4. Nc3 Be7 5. cxd5 exd5 6. Bg5 c6 7. e3 Nbd7 8. Bd3 h6 9. Bh4 Nh5 10. Bxe7 Qxe7 11. O-O O-O 12. Rb1 a5 13. a3 Nhf6 14. Qc2 Re8 15. b4 axb4 16. axb4 b5 17. Rfe1 Nb6 18. e4 Be6 19. e5 Nfd7 20. Ne2 Nc4 21. Bxc4 dxc4 22. Nf4 Nb6 23. h3 Ra4 24. Qd2 Rea8 25.
Nh5 Nd5 26. Re4 c3 27. Qc1 Bf5 28. Rh4 Qf8 29. Kh2 Bg6 30. Ng3 Bxb1 31. Qxb1 Ra2 32. Qe4 c2 33. Ne2 Nc3 34. Ng5 Nxe4 0-1

[Event "Early-Titled-Tuesday-Blitz-January-23-2024"]
[Site "Chess.com"]
[Date "2024.01.23"]
[Round "7"]
[White "knightinshiningarmour16"]
[Black "yobdc"]
[Result "0-1"]
[WhiteElo "2232"]
[BlackElo "2526"]
[TimeControl "180+1"]
[EndTime "9:16:34 PST"]
[Termination "yobdc won by checkmate"]

1. e4 e6 2. d4 d5 3. exd5 exd5 4. Bd3 Nc6 5. c3 Bd6 6. Nf3 Nge7 7. Bg5 f6 8. Bh4 Bg4 9. Nbd2 Qd7 10. Qc2 O-O-O 11.
O-O-O g5 12. Bg3 h5 13. h3 Bxf3 14. Nxf3 h4 15. Bxd6 Qxd6 16. Kb1 Kb8 17. Rhe1 Rde8 18. Re2 Nc8 19. Rde1 Rxe2 20. Qxe2 N6e7 21. Qe6 Qxe6 22.
Rxe6 Rf8 23. Nh2 f5 24. f4 g4 25. Rh6 gxh3 26. gxh3 Rg8 27. Rxh4 Ng6 28. Rh5 Nxf4 29.
Rxf5 Nxd3 30. Rf3 Rg1+ 31. Nf1 Ne1 32. Rf8 c6 33. Kc1 Kc7 34. h4 Rh1 35. Kd2 Ng2 36. Rf7+ Kb6 37. Rg7 Nxh4 38. Rh7 Rxf1 39. Rxh4 Nd6 40.
Kc2 Rf2+ 41. Kb3 Nc4 42. a4 Rxb2# 0-1

[Event "Early-Titled-Tuesday-Blitz-January-23-2024"]
[Site "Chess.com"]
[Date "2024.01.23"]
[Round "7"]
[White "ama18"]
[Black "ChessGiantYouTube"]
[Result "1-0"]
[WhiteElo "2526"]
[BlackElo "2240"]
[TimeControl "180+1"]
[EndTime "9:16:37 PST"]
[Termination "ama18 won by resignation"]

1. Nf3 g6 2. g3 Bg7 3. Bg2 d6 4. d4 e6 5. b3 h6 6. O-O Ne7 7. Bb2 Nd7 8. c4 O-O 9. Nc3 f5 10. e3 g5 11. Qd2 Ng6 12. Rfd1 Qe7 13. Rac1 h5 14. Nb5 Nf6 15. Nxg5 Bh6 16. Nf3 a6 17. Nc3 h4 18. Ba3 Nh5 19. Ne2 hxg3 20. hxg3 Kh7 21.
Nf4 Ngxf4 22. exf4 Bd7 23. Re1 Qg7 24. Bb2 Qg6 25. Kf1 Rae8 26. Ke2 e5 27. dxe5 dxe5 28. Qxd7+ Bg7 29. Nxe5 Qg4+ 30. Bf3 Nxf4+ 31. gxf4 Qxf4 32. Rh1+ Kg8 33. Bd5+ 1-0

[Event "Early-Titled-Tuesday-Blitz-January-23-2024"]
[Site "Chess.com"]
[Date "2024.01.23"]
[Round "7"]
[White "carloseduar100"]
[Black "leepday"]
[Result "1-0"]
[WhiteElo "2292"]
[BlackElo "2136"]
[TimeControl "180+1"]
[EndTime "9:16:38 PST"]
[Termination "carloseduar100 won by resignation"]

1. e4 c6 2. Nf3 d5 3. Nc3 Bg4 4. d4 Bxf3 5. Qxf3 dxe4 6. Nxe4 Nf6 7. Nxf6+ exf6 8. c3 Bd6 9. Bc4 O-O 10. O-O Nd7 11.
h3 Re8 12. Bd2 Nf8 13. Rfe1 Bc7 14. g3 Qd6 15. Kg2 Rad8 16. Rad1 Rxe1 17. Rxe1 Qd7 18. Bb3 Re8 19. Rd1 a5 20. Be3 Bb8 21. d5 cxd5 22. Rxd5 Qc6 23. Rxa5 Qxf3+ 24. Kxf3 Ne6 25. Rb5 Bd6 26.
Bxe6 fxe6 27. Rxb7 Ra8 28. a3 e5 29. Rd7 Bf8 30.
Rb7 Ra4 31. g4 Ra8 32. Rb5 h5 33. Bc5 Bxc5 34. Rxc5 Rb8 35. b4 hxg4+ 36. hxg4 Ra8 37. Rc7 Rxa3 38. Ke4 Ra2 39. f3 Rb2 40. Kf5 Rh2 41.
b5 Rh3 42. b6 Rxf3+ 43. Kg6 Rxc3 44. Rxc3 1-0

[Event "Early-Titled-Tuesday-Blitz-January-23-2024"]
[Site "Chess.com"]
[Date "2024.01.23"]
[Round "7"]
[White "Yushko_Olga"]
[Black "RantomOpening"]
[Result "0-1"]
[WhiteElo "2178"]
[BlackElo "2523"]
[TimeControl "180+1"]
[EndTime "9:16:39 PST"]
[Termination "RantomOpening won by resignation"]

1. d4 d5 2. c4 e6 3. cxd5 exd5 4.
Nc3 c6 5. Bg5 Qxg5 6. Nf3 Qd8 7.
e3 Nf6 8. Bd3 Bd6 9. O-O O-O 10.
Rc1 Bg4 11. Be2 Nbd7 12. a3 Re8 13. b4 Ne4 14. b5 Bxa3 15. Rc2 Nxc3 16. Rxc3 Bb4 17.
Rb3 Bd6 18. bxc6 bxc6 19. Rc3 c5 20. dxc5 Nxc5 21. h3 Bxf3 22. Bxf3 Ne4 23. Rd3 Nf6 24. Qb3 Qe7 25. Ra1 Qe5 26. Ra6 Rab8 27. Qa2 Rb2 28. Qxb2 Qxb2 29. Rxd6 Rc8 30. g4 h6 31. h4 Rc1+ 32.
Kg2 Rc2 33. g5 Rxf2+ 34. Kg3 Rxf3+ 35. Kxf3 Ne4 36. R6xd5 Nc3 37. Rd8+ Kh7 38. Rd2 Qb7+ 39. Kg4 h5+ 40. Kh3 Qf3+ 41. Kh2 Ne4 42. Rg2 Nf2 43.
Kg1 Ng4 44. Rdd2 Qxe3+ 45. Kh1 Qe1+ 46. Rg1 Qxh4+ 47. Kg2 Qh2+ 48. Kf3 Qxd2 0-1

[Event "Early-Titled-Tuesday-Blitz-January-23-2024"]
[Site "Chess.com"]
[Date "2024.01.23"]
[Round "7"]
[White "Flaccidmoves"]
[Black "Lennis93"]
[Result "0-1"]
[WhiteElo "2443"]
[BlackElo "2653"]
[TimeControl "180+1"]
[EndTime "9:16:39 PST"]
[Termination "Lennis93 won by resignation"]

1. e4 c5 2. c3 Nf6 3. e5 Nd5 4. d4 cxd4 5. Nf3 Nc6 6. cxd4 d6 7. Bc4 Nb6 8. Bb5 Bd7 9. exd6 e6 10. Bf4 Nb4 11. Be2 N4d5 12. Bg3 Ba4 13. Qxa4+ Nxa4 14. Bb5+ Qd7 15. Bxd7+ Kxd7 16. Ne5+ Ke8 17. d7+ Ke7 18. Nc3 f6 19. Nxd5+ exd5 20. Nd3 Kxd7 21. Rc1 Bd6 22.
Bxd6 Kxd6 23. Kd2 Rac8 24. Rxc8 Rxc8 25. Rc1 Rxc1 26. Kxc1 Nb6 27. Kd2 Nd7 28. Kc3 Nb8 29.
Nc5 b6 30. Nd3 g5 31. f3 h5 32. h4 Nc6 33. Nf2 Ke6 34. Nh3 Kf5 35. Kd3 Nb4+ 36. Kc3 Nxa2+ 37. Kc2 Nb4+ 38. Kc3 a5 39. g3 g4 40.
fxg4+ Kxg4 41. Nf4 f5 42. Kb3 Kxg3 43. Nxh5+ Kxh4 44. Nf6 f4 45. Kc3 f3 46. Kd2 Kg3 47.
Nh5+ Kf2 48. Nf4 a4 49. Nh3+ Kg3 50. Ng1 Nc6 51. Ke3 Nxd4 52. Kxd4 f2 53. Ne2+ Kf3 54. Nc3 f1=Q 55. Kxd5 a3 56. bxa3 Qd3+ 57. Kc6 Qxc3+ 58. Kxb6 Qxa3 0-1

[Event "Early-Titled-Tuesday-Blitz-January-23-2024"]
[Site "Chess.com"]
[Date "2024.01.23"]
[Round "7"]
[White "MKlose11"]
[Black "MITerryble"]
[Result "0-1"]
[WhiteElo "2656"]
[BlackElo "2999"]
[TimeControl "180+1"]
[EndTime "9:16:42 PST"]
[Termination "MITerryble won by checkmate"]

1. e4 e6 2. d4 d5 3. Nc3 Nf6 4. Bg5 Bb4 5. Ne2 dxe4 6. a3 Be7 7. Bxf6 Bxf6 8. Nxe4 O-O 9. g3 e5 10. Nxf6+ Qxf6 11. Bg2 Rd8 12. d5 Bg4 13. O-O Nc6 14. Qd2 Bf3 15. c4 e4 16. Nc3 Bxg2 17. Kxg2 Ne5 18. Qe2 Qf3+ 19. Qxf3 exf3+ 20. Kh3 Nxc4 21. Rfd1 Rd6 22. Rd4 Rh6+ 23. Kg4 Ne5+ 24. Kf4 Re8 25. h4 Rf6+ 26. Ke4 Ng4+ 27. Kd3 Nxf2+ 28. Kd2 h5 29. Rf1 Ng4 30. Ne4 Rf5 31. d6 cxd6 32. Nxd6 Re2+ 33.
Kd3 Ne5+ 34. Kc3 Rf6 35. Ne4 Rc6+ 36. Kb3 Rb6+ 37. Ka4 Rexb2 38. Ng5 Ra6# 0-1

[Event "Early-Titled-Tuesday-Blitz-January-23-2024"]
[Site "Chess.com"]
[Date "2024.01.23"]
[Round "7"]
[White "Casper"]
[Black "Rodalquilar"]
[Result "0-1"]
[WhiteElo "2564"]
[BlackElo "2729"]
[TimeControl "180+1"]
[EndTime "9:16:42 PST"]
[Termination "Rodalquilar won by resignation"]

1. Nf3 d5 2. b3 Bf5 3. Bb2 e6 4. e3 Nf6 5. Be2 h6 6. O-O Nbd7 7. c4 c6 8. Nc3 Bd6 9. d4 O-O 10. Bd3 Bxd3 11. Qxd3 Qe7 12. e4 dxc4 13. bxc4 e5 14.
Rfe1 exd4 15. Nxd4 Ne5 16. Qe2 Bc5 17. Nf5 Qe6 18.
Rad1 Qxc4 19. Qxc4 Nxc4 20. Ba1 Ng4 21. Re2 Rfd8 22. Rb1 Nxf2 23. Rxf2 Rd2 24. Rf1 Rad8 25. Na4 Rxf2 26. Nxc5 Rxf1+ 27. Kxf1 Rd1+ 28. Ke2 Rxa1 29. Nxb7 Rxa2+ 30. Kf3 Ne5+ 31. Kg3 a5 32. Kf4 f6 33. Nd8 a4 34. Ne7+ Kf8 35. Nexc6 Nxc6 36. Nxc6 a3 0-1

[Event "Early-Titled-Tuesday-Blitz-January-23-2024"]
[Site "Chess.com"]
[Date "2024.01.23"]
[Round "7"]
[White "guillembaches"]
[Black "alvarorodriguezavila"]
[Result "0-1"]
[WhiteElo "2516"]
[BlackElo "2340"]
[TimeControl "180+1"]
[EndTime "9:16:42 PST"]
[Termination "alvarorodriguezavila won by resignation"]

1. d4 Nf6 2. Nf3 d5 3. Bg5 Ne4 4. Bf4 c5 5. dxc5 e6 6. e3 Bxc5 7. Nbd2 Nxd2 8. Qxd2 Nc6 9. Be2 O-O 10. O-O Re8 11. Rfd1 h6 12. c4 e5 13. Bg3 d4 14. e4 a5 15. a3 a4 16. Ne1 Be6 17.
Nd3 Qd6 18. Rac1 b6 19. h3 f6 20. Bh5 Rec8 21. Bg4 Na5 22. f4 Bxg4 23. hxg4 Nb3 24. Qf2 Nxc1 25. Rxc1 exf4 26. Bxf4 Qe6 27. e5 fxe5 28.
Bxe5 Qxg4 29. Re1 Rf8 30. Qd2 Rae8 31. Re2 Rf5 32. Nf2 Qg5 0-1

[Event "Early-Titled-Tuesday-Blitz-January-23-2024"]
[Site "Chess.com"]
[Date "2024.01.23"]
[Round "7"]
[White "Tejas_Rama"]
[Black "Balla_Tamas"]
[Result "1-0"]
[WhiteElo "2643"]
[BlackElo "2464"]
[TimeControl "180+1"]
[EndTime "9:16:46 PST"]
[Termination "Tejas_Rama won by resignation"]

1. d4 d5 2. c4 e6 3. Nf3 c5 4. cxd5 exd5 5. g3 Nc6 6. Bg2 Nf6 7. O-O Be6 8. Nc3 cxd4 9. Nxd4 Be7 10. b3 O-O 11.
Bb2 a6 12. Rc1 Qd7 13. Nxe6 fxe6 14. Na4 Qe8 15. e4 Nxe4 16. Bxe4 dxe4 17. Qg4 Bf6 18. Bxf6 Rxf6 19. Qxe4 Qh5 20. Nc5 Ne5 21. f4 Ng4 22.
Qe2 Rh6 23. Nxb7 e5 24. Qc4+ Kh8 25. Qc8+ Qe8 26. Qxg4 exf4 27. Qxf4 Rf6 28. Qd4 Rxf1+ 29. Rxf1 Qc6 30. Qc5 Qe8 31. Nd6 Qe4 32. Nxe4 1-0

[Event "Early-Titled-Tuesday-Blitz-January-23-2024"]
[Site "Chess.com"]
[Date "2024.01.23"]
[Round "7"]
[White "quvnoq_muxlis"]
[Black "vugarrasulov"]
[Result "0-1"]
[WhiteElo "2681"]
[BlackElo "2933"]
[TimeControl "180+1"]
[EndTime "9:16:49 PST"]
[Termination "vugarrasulov won by resignation"]

1. e4 d6 2. d4 Nf6 3. Nc3 e5 4. dxe5 dxe5 5. Qxd8+ Kxd8 6. f3 Bd6 7. Be3 a6 8. O-O-O Ke7 9. Nge2 Be6 10. g4 Nc6 11. Ng3 g6 12. g5 Nd7 13. Nd5+ Kd8 14. h4 Kc8 15. h5 Rd8 16. hxg6 hxg6 17. Bh3 b5 18. c3 Kb7 19. Bg4 Bc5 20. Bxc5 Nxc5 21.
Rh7 Rh8 22. Rdh1 Rxh7 23. Rxh7 Bxg4 24. fxg4 Rf8 25. Kc2 Ne6 26. Kd3 Nxg5 27. Rh1 Nd8 28. Ke3 Nde6 29. Nb4 Nf4 30. Nd3 Nxd3 31. Kxd3 Kc6 32.
Ke3 Kd6 33. Rd1+ Ke6 34. Rh1 Rd8 35. b4 Ke7 36. a3 Ne6 37. Ne2 c5 38. Ra1 c4 39. a4 Rd3+ 40. Kf2 Ng5 41. axb5 Nxe4+ 42. Kg2 axb5 43. Ra5 Re3 44. Kf1 Nd6 45. Kf2 Rd3 46. Ra7+ Ke6 47. Ke1 f5 48. gxf5+ gxf5 0-1

[Event "Early-Titled-Tuesday-Blitz-January-23-2024"]
[Site "Chess.com"]
[Date "2024.01.23"]
[Round "7"]
[White "Ducke13"]
[Black "Klavdia_Nik"]
[Result "1-0"]
[WhiteElo "2298"]
[BlackElo "2155"]
[TimeControl "180+1"]
[EndTime "9:16:49 PST"]
[Termination "Ducke13 won on time"]

1. d4 Nf6 2. g3 c5 3. d5 d6 4. c4 b5 5. cxb5 a6 6. bxa6 Bxa6 7.
Nc3 g6 8. Nf3 Bg7 9. Bg2 O-O 10.
O-O Nbd7 11. Rb1 Qa5 12. Bd2 Rfb8 13. a4 Qb6 14. b3 Ra7 15. Re1 Ng4 16. h3 Nge5 17.
Qc2 Nxf3+ 18. Bxf3 Rab7 19. Bg2 Qd8 20. Ne4 Qb6 21.
Bc3 Nf6 22. Nxf6+ exf6 23. e4 h5 24. h4 Qd8 25. Bf1 Bxf1 26. Rxf1 Qb6 27. Rb2 Qa6 28.
Rfb1 Ra7 29. Ra2 Qc8 30. Kg2 Qg4 31. f3 Qd7 32. Qb2 Qe7 33. Qa1 Rab7 34. Ra3 1-0

[Event "Early-Titled-Tuesday-Blitz-January-23-2024"]
[Site "Chess.com"]
[Date "2024.01.23"]
[Round "7"]
[White "dropstoneDP"]
[Black "ValentunHulka"]
[Result "0-1"]
[WhiteElo "3037"]
[BlackElo "2825"]
[TimeControl "180+1"]
[EndTime "9:16:50 PST"]
[Termination "ValentunHulka won on time"]

1. e4 c5 2. Nf3 Nc6 3. Nc3 Nf6 4. Bb5 g6 5. O-O Bg7 6. e5 Nh5 7. Bxc6 dxc6 8. d3 O-O 9. h3 f6 10. g4 fxe5 11. gxh5 Bxh3 12. Ng5 Bxf1 13. Qxf1 Qd7 14. hxg6 hxg6 15. Be3 Bh6 16. Qg2 Kg7 17. Kf1 Rf5 18. Nce4 Bxg5 19. Nxg5 Qd5 20. Qxd5 cxd5 21. Ne6+ Kf7 22.
Nxc5 Rc8 23. d4 exd4 24. Bxd4 e5 25. Nxb7 Ke6 26. Bc5 Rc7 27. Nd6 Rh5 0-1

[Event "Early-Titled-Tuesday-Blitz-January-23-2024"]
[Site "Chess.com"]
[Date "2024.01.23"]
[Round "7"]
[White "GlavkonVVS"]
[Black "ChessboArt"]
[Result "1-0"]
[WhiteElo "2478"]
[BlackElo "2200"]
[TimeControl "180+1"]
[EndTime "9:16:50 PST"]
[Termination "GlavkonVVS won by resignation"]

1. c4 g6 2. Nf3 Bg7 3. d4 Nf6 4.
Nc3 d6 5. Bg5 O-O 6. e3 b6 7.
Bd3 Bb7 8. O-O Nbd7 9. h3 h6 10. Bh4 e5 11. Bc2 Qe7 12. Re1 e4 13. Nd2 g5 14.
Bg3 Rae8 15. b4 Kh8 16. Nb5 Nb8 17. Nxa7 c6 18. b5 c5 19. Rb1 Ng8 20. Nc6 Nxc6 21. bxc6 Bxc6 22. Rxb6 Qc7 23. dxc5 Be5 24. Bxe5+ Rxe5 25. Qa1 Re8 26. Bxe4 Bxe4 27. Nxe4 dxc5 28. Reb1 f6 29.
Nxf6 Nxf6 30. Rxf6 Qg7 31. Rbb6 1-0

[Event "Early-Titled-Tuesday-Blitz-January-23-2024"]
[Site "Chess.com"]
[Date "2024.01.23"]
[Round "7"]
[White "ChessBliss09"]
[Black "ChessLebaneseSalah"]
[Result "0-1"]
[WhiteElo "2128"]
[BlackElo "2391"]
[TimeControl "180+1"]
[EndTime "9:16:50 PST"]
[Termination "ChessLebaneseSalah won by checkmate"]

1. d4 d5 2. c4 c6 3. Nf3 Nf6 4. Nc3 e6 5. Bg5 Nbd7 6. e3 Qa5 7. Nd2 Bb4 8. Qc2 dxc4 9. Bxf6 Nxf6 10. Nxc4 Qc7 11.
a3 Be7 12. b4 O-O 13. Bd3 Rd8 14. O-O Bd7 15. Ne5 Be8 16. Rac1 a5 17. b5 Bxa3 18.
Ra1 Bb4 19. bxc6 Bxc6 20. Nb5 Qb6 21. Nxc6 Qxc6 22. Qe2 Qb6 23. h4 Rdc8 24. h5 h6 25. Rfc1 Rc6 26. Rxc6 bxc6 27. Na3 Bxa3 28. Rxa3 Qb4 29.
Ra1 a4 30. Qc2 a3 31. Qxc6 Rb8 32. Qc1 Qb2 33. Qxb2 axb2 34. Rb1 Nd5 35. Kh2 Nc3 36. Re1 b1=Q 37. Bxb1 Rxb1 38. Rxb1 Nxb1 39. g4 Kf8 40. Kg3 Nc3 41. f4 Ke7 42. Kf3 f5 43. g5 Ne4 44.
gxh6 gxh6 45. Kg2 Nf6 46. Kf3 Nxh5 47. e4 fxe4+ 48. Kxe4 Kf6 49. d5 exd5+ 50. Kxd5 Kf5 51. Kd4 Nxf4 52. Ke3 Kg4 53. Kf2 h5 54. Kg1 h4 55.
Kh2 h3 56. Kg1 Kg3 57. Kh1 Nd3 58. Kg1 h2+ 59. Kh1 Nf2# 0-1

[Event "Early-Titled-Tuesday-Blitz-January-23-2024"]
[Site "Chess.com"]
[Date "2024.01.23"]
[Round "7"]
[White "campochess"]
[Black "Nellichka"]
[Result "0-1"]
[WhiteElo "2090"]
[BlackElo "1945"]
[TimeControl "180+1"]
[EndTime "9:16:50 PST"]
[Termination "Nellichka won on time"]

1. Nf3 d5 2. b3 Bg4 3. Bb2 Nc6 4. d4 Nf6 5. Ne5 Nxe5 6. dxe5 Nd7 7. Qxd5 c6 8. Qd2 e6 9. Nc3 Nxe5 10. Qf4 Bd6 11. Rd1 Nd3+ 12. Rxd3 Bxf4 13. Rxd8+ Rxd8 14. e3 Be5 15. Bd3 O-O 16. f3 Bf5 17. e4 Bg6 18. Ke2 b5 19. h4 h5 20. g4 Rd7 21. a4 b4 22. Nd1 Bg3 23. Ne3 f5 24. gxf5 exf5 25. exf5 Re8 26. fxg6 Rde7 27. Be4 Bf4 0-1

[Event "Early-Titled-Tuesday-Blitz-January-23-2024"]
[Site "Chess.com"]
[Date "2024.01.23"]
[Round "7"]
[White "Witik"]
[Black "Kunalm64"]
[Result "0-1"]
[WhiteElo "2654"]
[BlackElo "2583"]
[TimeControl "180+1"]
[EndTime "9:16:52 PST"]
[Termination "Kunalm64 won by resignation"]

1. d4 Nf6 2. Nf3 e6 3. c4 d5 4.
g3 Bb4+ 5. Bd2 Be7 6. Bg2 O-O 7.
O-O c6 8. Qc2 b6 9. Rc1 Bb7 10.
a4 Nbd7 11. a5 Rc8 12. axb6 axb6 13. Ra7 Ba8 14. b4 c5 15. dxc5 bxc5 16. b5 dxc4 17. Ba5 Qe8 18. Na3 Bd8 19. Nxc4 Bxa5 20. Nd6 Qd8 21. Nxc8 Bb4 22. Nd6 Qb8 23. Ra6 Nb6 24.
Nc4 Nxc4 25. Qxc4 Bd5 26. Qd3 c4 27. Qb1 Qxb5 28. Ra1 Qc5 29. e3 Ne4 30. Nd4 Nd2 31.
Qc2 Bxg2 32. Kxg2 Qd5+ 33. f3 e5 34. Qf5 g6 35. Qf6 exd4 36. exd4 Nb3 37. Rd1 Nxa1 0-1

[Event "Early-Titled-Tuesday-Blitz-January-23-2024"]
[Site "Chess.com"]
[Date "2024.01.23"]
[Round "7"]
[White "SpeedofLight0"]
[Black "shimastream"]
[Result "1-0"]
[WhiteElo "2921"]
[BlackElo "3013"]
[TimeControl "180+1"]
[EndTime "9:16:55 PST"]
[Termination "SpeedofLight0 won on time"]

1. d4 d5 2. c4 e6 3. Nc3 a6 4.
cxd5 exd5 5. Nf3 Nf6 6. Bf4 Bd6 7. e3 O-O 8. Be2 Bxf4 9. exf4 Bg4 10. Ne5 Bxe2 11. Qxe2 c6 12. O-O Ne8 13. Na4 Nd6 14. Nc5 Re8 15. Qg4 f6 16. Ned3 Qc8 17. Qxc8 Rxc8 18.
Rfe1 b6 19. Na4 Nc4 20. Re7 b5 21. Nac5 Nd6 22. Ne6 Nf5 23. Rb7 Re8 24. Nc7 Re7 25. Re1 Rd7 26. Nc5 Nd6 27. Nxd7 Nxd7 28. Nxa8 1-0